 Dungeon Crawl Stone Soup version 0.28-a0-1033-g1a2f33fa85 (webtiles) character file.

Game seed: 12513686050967571024

6355 meatgazer the Agent of Entropy (level 10, -2/82 HPs)
             Began as a Demonspawn Abyssal Knight on Dec 7, 2021.
             Was a Priest of Lugonu.
             Slain by a skeletal warrior (5 damage)
             ... on level 8 of the Dungeon.
             The game lasted 00:14:18 (13425 turns).

meatgazer the Agent of Entropy (DsAK)              Turns: 13425, Time: 00:14:18

Health: -2/82      AC: 10    Str: 18    XL:     10   Next: 65%
Magic:  18/18      EV: 10    Int: 12    God:    Lugonu [***...]
Gold:   613        SH:  0    Dex: 13    Spells: 9/9 levels left

rFire   + . .      SeeInvis .   o - +5 scimitar
rCold   . . .      Faith    .   (no shield)
rNeg    . . .      Spirit   .   c - +4 ring mail {Will+}
rPois   .          Reflect  .   (helmet restricted)
rElec   .          Harm     .   (no cloak)
rCorr   +          Rampage  .   (no gloves)
Will    +....                   (no boots)
Stlth   +.........              (no amulet)
HPRegen 0.23/turn               a - ring of resist corrosion
MPRegen 0.32/turn               (no ring)

@: no status effects
A: hooves 2, ignite blood 2, magic regeneration, demonic touch 1, horns 2, fire
resistance 1, screaming 1
a: Renounce Religion, Depart the Abyss, Bend Space, Banish


You were on level 8 of the Dungeon.
You worshipped Lugonu.
Lugonu was most pleased with you.
You visited 1 branch of the dungeon, and saw 8 of its levels.
You visited the Abyss 1 time.

You collected 613 gold pieces.

Inventory:

Hand Weapons
 o - a +5 scimitar (weapon)
 t - a +1 scimitar of flaming
Armour
 c - a +4 ring mail of willpower (worn)
 n - +2 steam dragon scales
Jewellery
 a - a ring of resist corrosion (left hand)
Wands
 h - a wand of digging (9)
 j - a wand of iceblast (9)
 p - a wand of polymorph (7)
Scrolls
 i - 5 scrolls of teleportation
 k - a scroll of fog
 l - a scroll of amnesia
 m - a scroll of magic mapping
Potions
 b - 2 potions of resistance
 f - 3 potions of curing
 s - a potion of flight
Miscellaneous
 d - a lightning rod (1/4)


   Skills:
 + Level 8.7 Fighting
 + Level 7.6 Long Blades
 + Level 7.7 Armour
 - Level 0.8 Dodging
 + Level 10.8 Invocations


You had 9 spell levels left.
You didn't know any spells.
Your spell library contained the following spells:

 Spells                   Type           Power      Damage    Failure   Level
 Magic Dart               Conj           0%         1d3       47%         1
 Call Imp                 Summ           0%         N/A       63%         2
 Mephitic Cloud           Conj/Pois/Air  0%         N/A       85%         3


Dungeon Overview and Level Annotations

Branches:
Dungeon (8/15)             Temple (0/1) D:6
   Lair: D:8-11

Altars:
Yredelemnul

Shops:
D:4 *

Annotations:
D:3 1 transporter, quoriil's ghost, amateur OpEE
Abyss:1 Harold; Maurice


Innate Abilities, Weirdness & Mutations

You have hoof-like feet.
Your demonic aura often causes spilled blood to erupt in flames.
You regenerate magic rapidly.
Your touch may inflict minor irresistible damage on your foes.
You have a pair of horns on your head.
Your flesh is heat resistant. (rF+)
You occasionally shout uncontrollably at your foes.


Message History

You headbutt the skeletal warrior!
The skeletal warrior is moderately damaged.
The skeletal warrior completely misses you.
You closely miss the skeletal warrior. You kick the skeletal warrior.
You headbutt the skeletal warrior.
The skeletal warrior is moderately damaged.
The skeletal warrior closely misses you.
You hit the skeletal warrior but do no damage.
Your kick misses the skeletal warrior.
Your headbutt misses the skeletal warrior.
Your touch misses the skeletal warrior.
The skeletal warrior is moderately damaged.
The skeletal warrior hits you with a +0 flail.
You slash the skeletal warrior!
Your headbutt misses the skeletal warrior.
The skeletal warrior is severely damaged.
The skeletal warrior hits you with a +0 flail!!
* * * LOW HITPOINT WARNING * * *
You feel much better.
The skeletal warrior closely misses you.
You hit the skeletal warrior but do no damage.
You kick the skeletal warrior, but do no damage.
The skeletal warrior is severely damaged.
The skeletal warrior hits you with a +0 flail!
You completely miss the skeletal warrior.
The skeletal warrior is severely damaged.
The skeletal warrior hits you with a +0 flail!!
* * * LOW HITPOINT WARNING * * *
You slash the skeletal warrior! Your kick misses the skeletal warrior.
You headbutt the skeletal warrior. Your touch misses the skeletal warrior.
The skeletal warrior is almost destroyed.
The skeletal warrior hits you with a +0 flail.
* * * LOW HITPOINT WARNING * * *
You barely miss the skeletal warrior.
The skeletal warrior is almost destroyed.
The skeletal warrior closely misses you.
You slash the skeletal warrior! Your kick misses the skeletal warrior.
The skeletal warrior is almost destroyed.
The skeletal warrior hits you with a +0 flail.
You die...

....###....).)....# .
.....#####.).....###.
#.........[..#..#...
###........#|.##.....
###.#.......#..#####z(.
#..............####....
#....>..##.....#......
###........###..........
.......@○.## ###(.##....
......z...)####.....z##.
##.#......##.##...#...##
.##......#.....###....#
..........##...##...##
#........####..........
##..........).##...!...
#.......###).<#.......
........#..)...###....


You could see a skeletal warrior.

Vanquished Creatures
  Erica (D:8)
  Pikel (D:4)
  Joseph (D:7)
  An unseen horror (D:7)
  Maggie (D:8)
  A troll (D:7)
  A steam dragon (D:6)
  Edmund (D:5)
  2 water moccasins (D:7)
  2 orc warriors
  2 sky beasts (D:6)
  2 black bears (D:6)
  2 ogres
  2 centaurs
  3 lemures (D:4)
  A kobold brigand (D:6)
  Blork the orc (D:4)
  2 bullfrogs
  3 scorpions
  A water moccasin skeleton (D:4)
  5 wights
  9 killer bees
  A hound (D:5)
  7 orc priests
  3 bullfrog zombies
  A bullfrog skeleton (D:4)
  A centaur skeleton (D:7)
  Jessica (D:3)
  An iguana (D:4)
  A scorpion zombie (D:5)
  5 orc wizards
  Ijyb (D:3)
  Robin (D:3)
  2 howler monkey zombies
  13 gnolls
  3 adders
  A shadow imp (D:6)
  An ufetubus (D:6)
  An adder skeleton (D:4)
  A worm (D:3)
  2 dart slugs
  9 orcs
  4 ball pythons
  6 bats
  7 endoplasms
  4 giant cockroaches
  10 goblins
  8 hobgoblins
  7 jackals
  5 kobolds
  6 quokkas
  4 frilled lizards
  4 rats
166 creatures vanquished.

Notes
Turn   | Place    | Note
-------+----------+-------------------------------------------
     0 | Abyss:1  | meatgazer the Demonspawn Abyssal Knight began the quest for
                  | the Orb.
     0 | Abyss:1  | Reached XP level 1. HP: 18/18 MP: 2/2
    98 | Abyss:2  | Noticed a spatial vortex
    99 | Abyss:2  | Noticed a spatial vortex
   109 | Abyss:2  | Noticed a fire bat
   112 | Abyss:2  | Noticed a fire bat
   113 | D:1      | Escaped the Abyss
   204 | D:1      | Reached * piety under Lugonu
   205 | D:1      | Discovered your monstrous ancestry.
   205 | D:1      | Gained mutation: Your touch may inflict minor irresistible
                  | damage on your foes. [demonic ancestry]
   205 | D:1      | Reached XP level 2. HP: 23/24 MP: 4/4
   221 | D:1      | Found a faded altar of an unknown god.
  1067 | D:1      | You fall into a shaft and drop 1 floor!
  1079 | D:2      | Reached skill level 3 in Invocations
  1200 | D:2      | Gained mutation: Your demonic aura sometimes causes spilled
                  | blood to erupt in flames. [demonic ancestry]
  1200 | D:2      | Reached XP level 3. HP: 29/29 MP: 5/5
  2229 | D:3      | Reached ** piety under Lugonu
  2264 | D:3      | Found a transporter.
  2267 | D:3      | Noticed quoriil's ghost (amateur OpEE)
  2477 | D:3      | Noticed Ijyb
  2499 | D:3      | Killed Ijyb
  2500 | D:3      | Reached XP level 4. HP: 32/35 MP: 6/6
  2640 | D:3      | Noticed an ogre
  2646 | D:3      | Killed an ogre
  2647 | D:3      | Reached skill level 4 in Invocations
  2647 | D:3      | Reached XP level 5. HP: 42/42 MP: 6/8
  2815 | D:3      | Noticed Jessica
  2818 | D:3      | Killed Jessica
  3288 | D:3      | Noticed Robin
  3298 | D:3      | Killed Robin
  3609 | D:4      | Noticed Blork the orc
  3613 | D:4      | Killed Blork the orc
  3614 | D:4      | Gained mutation: You have large cloven feet. [demonic
                  | ancestry]
  3614 | D:4      | Reached XP level 6. HP: 27/48 MP: 9/9
  3716 | D:4      | Reached skill level 5 in Invocations
  4192 | D:4      | Found Ykhleef's Assorted Antiques.
  4209 | D:4      | Found a basalt altar of Yredelemnul.
  4315 | D:4      | Gained mutation: Your demonic aura often causes spilled
                  | blood to erupt in flames. [demonic ancestry]
  4315 | D:4      | Reached XP level 7. HP: 55/55 MP: 10/10
  4497 | D:4      | Noticed Pikel
  4502 | D:4      | Killed Pikel
  4503 | D:4      | Reached skill level 5 in Fighting
  4503 | D:4      | Reached skill level 6 in Invocations
  4503 | D:4      | Reached XP level 8. HP: 60/63 MP: 12/12
  4802 | D:5      | Entered Level 5 of the Dungeon
  4840 | D:5      | Noticed Edmund
  4849 | D:5      | Killed Edmund
  5360 | D:5      | Reached *** piety under Lugonu
  5363 | D:5      | Reached skill level 5 in Armour
  5363 | D:5      | Reached skill level 7 in Invocations
  6185 | D:6      | Gained mutation: You have a pair of small horns on your
                  | head. [potion of mutation]
  6185 | D:6      | Gained mutation: You have a pair of horns on your head.
                  | [potion of mutation]
  6185 | D:6      | Gained mutation: You occasionally shout uncontrollably at
                  | your foes. [potion of mutation]
  6185 | D:6      | Gained mutation: Your flesh is heat resistant. (rF+)
                  | [potion of mutation]
  6196 | D:6      | Reached skill level 5 in Long Blades
  7398 | D:6      | Found a staircase to the Ecumenical Temple.
  7503 | D:6      | Reached skill level 8 in Invocations
  7503 | D:6      | Gained mutation: You have hoof-like feet. [demonic
                  | ancestry]
  7503 | D:6      | Reached XP level 9. HP: 40/71 MP: 13/15
  8122 | D:7      | Noticed Joseph
  9019 | D:7      | Killed Joseph
  9255 | D:7      | Reached skill level 9 in Invocations
 10090 | D:7      | Noticed Harold
 10097 | D:7      | Banished Harold
 10098 | D:7      | Gained mutation: You regenerate magic rapidly. [demonic
                  | ancestry]
 10098 | D:7      | Reached XP level 10. HP: 59/80 MP: 8/17
 10996 | D:7      | Reached skill level 10 in Invocations
 11393 | D:8      | Noticed Maurice
 11395 | D:8      | Banished Maurice
 11462 | D:8      | Noticed Maggie
 11470 | D:8      | Killed Maggie
 12979 | D:8      | Noticed Erica
 12989 | D:8      | Killed Erica
 13056 | D:8      | Noticed a skeletal warrior
 13423 | D:8      | HP: 2/82 [skeletal warrior (5)]
 13425 | D:8      | Slain by a skeletal warrior

Illustrated notes

Levels and vault maps discovered:
D:1:      shiori_arrival_elements, layout_loops_ring,
          ebering_ecumenical_altar_hall, minivault_24,
          chequers_serial_rivers_micro_b
D:2:      layout_loops_corners
D:3:      layout_loops_corners, gammafunk_ghost_mausoleum, uniq_robin,
          uniq_ijyb, uniq_jessica
D:4:      layout_loops_corners, mainiacjoe_overflow_six_doors_small,
          serial_shops, shop, uniq_blork_the_orc, uniq_pikel
D:5:      layout_layer_cave, uniq_edmund
D:6:      layout_loops_ring, minmay_temple_entry_tees
D:7:      layout_basic, uniq_joseph, uniq_harold
D:8:      layout_cave_pools, lair_entry_dummy, minmay_radiant, uniq_maggie,
          uniq_erica, uniq_maurice

Skill      XL: |  1  2  3  4  5  6  7  8  9 10 |
---------------+-------------------------------+-----
Long Blades    | 2 3 4 5 6 7 |  7.6
Armour         | 2 3 4 5 6 7 |  7.7
Invocations    | 3 4 5 6 8 9 10 | 10.8
Fighting       | 4 5 6 7 8 |  8.7
Dodging        | |  0.8

Action                   |  1- 3 |  4- 6 |  7- 9 | 10-12 || total
-------------------------+-------+-------+-------+-------++-------
Melee: Falchion          |   121 |    88 |   165 |       ||   374
       Touch             |    17 |    16 |    34 |    10 ||    77
       Kick              |       |       |    62 |    22 ||    84
       Headbutt          |       |       |    29 |    17 ||    46
       Scimitar          |       |       |    41 |    80 ||   121
Invok: Depart the Abyss  |     1 |       |       |       ||     1
       Banish            |       |       |     2 |     1 ||     3
Evoke: Lightning rod     |       |     4 |     9 |     1 ||    14
       Wand              |       |     1 |     2 |       ||     3
  Use: Scroll            |     5 |     2 |     4 |       ||    11
       Potion            |       |     5 |     2 |     3 ||    10
 Stab: Invisible         |       |       |     1 |       ||     1
Armor: Ring mail         |    83 |    56 |   106 |    43 ||   288
       Skin              |       |       |     3 |       ||     3
Dodge: Dodged            |    78 |    61 |   111 |    50 ||   300

Table legend: (Time is in decaauts)
 A = Elapsed time spent in this place.
 B = Non-inter-level travel time spent in this place.
 C = Inter-level travel time spent in this place.
 D = Time resting spent in this place.
 E = Time spent auto-exploring this place.
 F = Levels seen in this place.
 G = Mean time per level.
                   A        B        C        D        E       F      G
               +--------+--------+--------+--------+--------+-----+--------+
         Total |  13487 |  13235 |    252 |   5391 |   6544 |  10 | 1348.7 |
       Dungeon |  13375 |  13123 |    252 |   5391 |   6464 |   8 | 1671.9 |
         Abyss |    112 |    112 |      0 |      0 |     80 |   2 |   56.0 |
               +--------+--------+--------+--------+--------+-----+--------+

Top non-repeatable levels by time:
     D:7: 3866 daAuts
     D:6: 2446 daAuts
     D:5: 1725 daAuts
     D:4: 1331 daAuts
     D:3: 1265 daAuts
     D:1: 1086 daAuts
     D:2: 1044 daAuts
     D:8: 609 daAuts
 Abyss:2: 86 daAuts
 Abyss:1: 26 daAuts
